 Dungeon Crawl Stone Soup version 0.22-a0-558-gc224181 (webtiles) character file.

114 pk666 the Magician (level 4, -1/24 HPs)
             Began as a Deep Elf Wizard on June 26, 2018.
             Slain by a worker ant (5 damage)
             ... on level 3 of the Dungeon.
             The game lasted 00:03:59 (1903 turns).

pk666 the Magician (Deep Elf Wizard)                Turns: 1903, Time: 00:04:01

Health: -1/24      AC:  2    Str:  4    XL:     4   Next: 67%
Magic:  2/13       EV: 13    Int: 24    God:
Gold:   134        SH:  0    Dex: 13    Spells: 5/14 levels left

rFire    . . .     SeeInvis .   k - +0 dagger
rCold    . . .     Gourm    .   (no shield)
rNeg     + . .     Faith    .   a - +0 robe
rPois    .         Spirit   .   b - +0 hat
rElec    .         Reflect  .   (no cloak)
rCorr    .         Harm     .   (no gloves)
MR       .....                  (no boots)
Stlth    ++........             (no amulet)
HPRegen  0.08/turn              e - +4 ring of slaying
MPRegen  0.13/turn              i - ring of positive energy

@: lethally poisoned (-1 -> -8)
A: no striking features
a: no special abilities


You were on level 3 of the Dungeon.
You were not hungry.

You visited 1 branch of the dungeon, and saw 3 of its levels.

You collected 134 gold pieces.

Inventory:

Hand Weapons
 k - a +0 dagger (weapon)
Armour
 a - a +0 robe (worn)
 b - a +0 hat (worn)
Jewellery
 e - a +4 ring of slaying (left hand)
 i - a ring of positive energy (right hand)
Scrolls
 c - 6 scrolls of identify {unknown}
 f - a scroll of enchant weapon {unknown}
 g - 5 scrolls of remove curse {unknown}
 j - a scroll of amnesia {unknown}
 p - a scroll of teleportation {unknown}
Potions
 h - a potion of lignification {unknown}
 l - 2 potions of cancellation {unknown}
 m - a potion of curing {unknown}
 o - a potion of heal wounds {unknown}
 q - a potion of degeneration {unknown}
Comestibles
 d - 7 rations


   Skills:
 - Level 2.4 Dodging
 - Level 2.4 Stealth
 + Level 5.9 Spellcasting
 + Level 3.4 Conjurations
   Level 1.1 Summonings
 - Level 1.1 Translocations
 + Level 1.3 Fire Magic


You had 5 spell levels left.
You knew the following spells:

 Your Spells              Type           Power        Failure   Level  Hunger
a - Magic Dart            Conj           ###.         1%          1    None
b - Blink                 Tloc           N/A          8%          2    None
c - Conjure Flame         Conj/Fire      ###.....     9%          3    #......
d - Mephitic Cloud        Conj/Pois/Air  ##......     16%         3    #......

Your spell library contained the following spells:

 Spells                   Type           Power        Failure   Level  Hunger
 Slow                     Hex            #.......     12%         2    None
 Call Imp                 Summ           ##......     8%          2    None


Dungeon Overview and Level Annotations

Branches:
Dungeon (3/15)

Altars:
Okawaru


Message History

Casting: Magic Dart (safe; 1% risk of failure)
Confirm with . or Enter, or press ? or * to list all spells.
Aiming: Magic Dart (safe; 1% risk of failure)
Press: ? - help, Shift-Dir - straight line, f/p - worker ant
Aim: a worker ant (heavily wounded)
The magic dart hits the worker ant.
The worker ant is heavily wounded.
The worker ant bites you!
Casting: Magic Dart (safe; 1% risk of failure)
Confirm with . or Enter, or press ? or * to list all spells.
Aiming: Magic Dart (safe; 1% risk of failure)
Press: ? - help, Shift-Dir - straight line, f/p - worker ant
Aim: a worker ant (heavily wounded)
The magic dart hits the worker ant.
The worker ant is severely wounded.
* * * LOW HITPOINT WARNING * * *
You feel sick. The worker ant bites you.
* * * LOW HITPOINT WARNING * * *
The worker ant bites you.
You die...

#.#.##.#.#
#...# ##..##
###
###...##....
#......†....
#.##..#######
#............
#.#####.#######
#..a@....#
#..####..# #.
#..# .. #..# ##
#..# #... #....
....


You could see a worker ant.

Vanquished Creatures
  An orc wizard (D:3)
  2 adders
  An ooze (D:1)
  A worm (D:3)
  A dart slug (D:2)
  3 leopard geckos (D:1)
  5 orcs (D:3)
  10 bats
  2 giant cockroaches (D:2)
  3 hobgoblins (D:2)
  3 jackals (D:2)
  A kobold (D:1)
  2 quokkas
  2 frilled lizards
  6 goblins
  9 rats
52 creatures vanquished.

Notes
Turn   | Place    | Note
-------+----------+-------------------------------------------
     0 | D:1      | pk666 the Deep Elf Wizard began the quest for the Orb.
     0 | D:1      | Reached XP level 1. HP: 10/10 MP: 7/7
   256 | D:1      | Reached XP level 2. HP: 15/15 MP: 7/9
   592 | D:1      | Reached skill level 5 in Spellcasting
   827 | D:2      | Reached XP level 3. HP: 17/19 MP: 0/11
  1051 | D:2      | Found an iron altar of Okawaru.
  1269 | D:2      | Learned a level 2 spell: Blink
  1273 | D:2      | Learned a level 3 spell: Conjure Flame
  1277 | D:2      | Learned a level 3 spell: Mephitic Cloud
  1547 | D:3      | Reached XP level 4. HP: 24/24 MP: 6/13
  1560 | D:3      | Reached skill level 1 in Fire Magic
  1903 | D:3      | Slain by a worker ant

Vault maps used:
D:1:      minmay_arrival_doors, minmay_bisected
D:2:      okawaru_metal_pillars_1_2
D:3:      minmay_misc_feat_chi

Skill      XL: |  1  2  3  4 |
---------------+-------------+-----
Conjurations   | 2 3 |  3.4
Spellcasting   | 5 |  5.9
Fire Magic     | 1 |  1.3
Dodging        | |  2.4
Stealth        | |  2.4
Summonings     | |  1.1
Translocations | |  1.1

Action                   |  1- 3 |  4- 6 || total
-------------------------+-------+-------++-------
Melee: Unarmed           |     2 |       ||     2
 Cast: Magic Dart        |    85 |    36 ||   121
       Conjure Flame     |       |     1 ||     1
  Eat: Chunk             |     1 |     2 ||     3
Armor: Robe              |     2 |     1 ||     3
Dodge: Dodged            |     6 |     8 ||    14

Table legend:
 A = Spawn XP
 B = Non-spawn XP
 C = Spawn XP percentage of total XP
 D = Spawn monster count
 E = Non-spawn monster count
 F = Spawn count percentage of total count
 G = Total turns spent on level
                    A         B        C        D         E        F      G
               +---------+---------+-------+---------+---------+-------+---------
         Total |       0 |     164 |   0.0 |       0 |      52 |   0.0 |  1903
               +---------+---------+-------+---------+---------+-------+---------
           D:1 |       0 |      35 |   0.0 |       0 |      19 |   0.0 |   828
           D:2 |       0 |      48 |   0.0 |       0 |      20 |   0.0 |   675
           D:3 |       0 |      81 |   0.0 |       0 |      13 |   0.0 |   400
               +---------+---------+-------+---------+---------+-------+---------
